 Dungeon Crawl Stone Soup version 0.26.1-11-gd32895ea62 (webtiles) character file.

Game seed: 3403353602781751472

405 Zeld the Changer (level 6, -13/41 HPs)
             Began as an Octopode Transmuter on May 27, 2021.
             Was an Initiate of Gozag.
             Mangled by an ice beast (14 damage)
             ... on level 3 of the Dungeon.
             The game lasted 00:04:00 (3456 turns).

Zeld the Changer (Octopode Transmuter)              Turns: 3456, Time: 00:04:00

Health: -13/41     AC:  1    Str: 11    XL:     6   Next: 87%
Magic:  10/12      EV: 14    Int: 15    God:    Gozag
Gold:   153        SH:  0    Dex: 13    Spells: 3/13 levels left

rFire    . . .     SeeInvis .     - Unarmed
rCold    . . .     Faith    .   (no shield)
rNeg     . . .     Spirit   .   (helmet restricted)
rPois    .         Reflect  .   (no amulet)
rElec    .         Harm     .   (no ring)
rCorr    .         Rampage  .   (no ring)
Will     .....                  (no ring)
Stlth    ++........             (no ring)
HPRegen  0.13/turn              (no ring)
MPRegen  0.13/turn              (no ring)
                                (no ring)
                                (no ring)

@: very slightly contaminated
A: almost no armour, stealthy swim, amphibious, 8 rings, constrict 8, camouflage
1, gelatinous body 1
a: Renounce Religion, Potion Petition, Call Merchant, Bribe Branch


You were on level 3 of the Dungeon.
You worshipped Gozag.
Gozag was aware of your devotion.
You visited 2 branches of the dungeon, and saw 5 of its levels.

You collected 182 gold pieces.
You paid 29 gold pieces to Gozag.

Inventory:

Jewellery
 l - a +4 ring of evasion {unknown}
Scrolls
 c - a scroll of identify {unknown}
 d - 3 scrolls of magic mapping {unknown}
 e - a scroll of blinking {unknown}
 f - a scroll of amnesia {unknown}
 g - 2 scrolls of enchant armour {unknown}
 i - a scroll of fog {unknown}
Potions
 a - 5 potions of curing {unknown}
 b - 3 potions of flight {unknown}
 h - a potion of haste {unknown}
 j - a potion of ambrosia {unknown}
 k - a potion of attraction {unknown}
 m - a potion of might
 n - a potion of brilliance {unknown}


   Skills:
 + Level 2.8 Fighting
 + Level 3.3 Dodging
 - Level 3.0 Unarmed Combat
 * Level 4.0 Spellcasting
 * Level 4.3 Transmutations


You had 3 spell levels left.
You knew the following spells:

 Your Spells              Type           Power        Failure   Level
a - Beastly Appendage     Tmut           32%          3%          1
b - Wereblood             Tmut           16%          4%          2
c - Spider Form           Tmut/Pois      4%           22%         3
d - Ice Form              Ice/Tmut       9%           58%         4

Your spell library contained the following spells:

 Spells                   Type           Power        Failure   Level
 Blade Hands              Tmut           8%           63%         5


Dungeon Overview and Level Annotations

Branches:
Dungeon (4/15)             Temple (1/1) D:4

Altars:
Ashenzari
Cheibriados
Dithmenos
Elyvilon
Fedhas
Gozag
Hepliaklqana
Kikubaaqudgha
Makhleb
Nemelex Xobeh
Qazlal
Ru
Sif Muna
Trog
Uskayaw
Vehumet
Wu Jian
Xom
Yredelemnul
Zin
The Shining One


Innate Abilities, Weirdness & Mutations

You cannot wear most types of armour.
You are very stealthy in the water. (Stealth+)
You are amphibious.
You can wear up to eight rings at the same time.
You can use your tentacles to constrict eight enemies at once.
Your skin changes colour to match your surroundings (Stealth+).
Your rubbery body absorbs attacks. (AC +1, EV +1)


Message History

You are lightly contaminated with residual magic.
The ice beast hits you. The ice beast freezes you!
Casting: Ice Form (extremely dangerous; 58% risk of failure)
Confirm with . or Enter, or press ? or * to list all spells.
The spell is extremely dangerous to cast (58% risk of failure)!
Continue anyway? [Y]es or [N]o only, please.
The spell is extremely dangerous to cast (58% risk of failure)!
Continue anyway?
You miscast Ice Form.
Nothing appears to happen.
The ice beast hits you. The ice beast freezes you!
Press: ? - help, v - describe, . - travel
Here: an ice beast The floor.
The ice beast hits you. The ice beast freezes you!
* * * LOW HITPOINT WARNING * * *
The ice beast misses you. The ice beast hits you.
* * * LOW HITPOINT WARNING * * *
The ice beast freezes you!
You die...
Your body crumbles into a pile of gold.

#####################
#.$.................###########
#.#################.##......... #
#...@.<.[......### ########
#.#Y#...#.#.##.# #......#
#..............#
#......#####.........#..#
####..............).#####..#####.
.....$...(...............>.......
##.#.....<.###.##########.#######
#.).....# #.# #.# ..........###.#
#.#


You could see an ice beast.

Vanquished Creatures
  Sigmund (D:2)
  A hound (D:4)
  An orc wizard (D:4)
  Terence (D:2)
  A worker ant (D:4)
  5 adders (D:2)
  An ooze (D:4)
  2 worms (D:2)
  2 dart slugs (D:1)
  3 leopard geckos
  3 orcs (D:4)
  3 ball pythons (D:2)
  4 giant cockroaches
  7 goblins
  4 hobgoblins
  2 jackals (D:2)
  9 kobolds
  3 quokkas
  10 bats
  4 frilled lizards
  6 rats
73 creatures vanquished.

Notes
Turn   | Place    | Note
-------+----------+-------------------------------------------
     0 | D:1      | Zeld the Octopode Transmuter began the quest for the Orb.
     0 | D:1      | Reached XP level 1. HP: 13/13 MP: 3/3
   156 | D:1      | Reached XP level 2. HP: 15/18 MP: 3/5
   180 | D:1      | Learned a level 2 spell: Wereblood
   381 | D:2      | Reached XP level 3. HP: 10/23 MP: 4/6
   385 | D:2      | Learned a level 3 spell: Spider Form
   946 | D:2      | Noticed Terence
   984 | D:2      | Killed Terence
   985 | D:2      | Reached XP level 4. HP: 15/29 MP: 2/8
  1681 | D:3      | Reached XP level 5. HP: 32/34 MP: 7/9
  1686 | D:3      | Learned a level 4 spell: Ice Form
  1950 | D:4      | Found a staircase to the Ecumenical Temple.
  1964 | Temple   | Entered the Ecumenical Temple
  2183 | Temple   | Became a worshipper of Gozag Ym Sagoz the Greedy
  2715 | D:1      | Reached XP level 6. HP: 37/40 MP: 9/11
  2945 | D:2      | Noticed Sigmund
  2958 | D:2      | Killed Sigmund
  2991 | D:2      | Found a shimmering blue altar of Sif Muna.
  3379 | D:3      | Noticed an ice beast
  3456 | D:3      | HP: 1/41 [ice beast (4)]
  3456 | D:3      | Mangled by an ice beast

Illustrated notes

Levels and vault maps discovered:
D:1:      heliophobic_arrival_ceremonial_halls, layout_rooms
D:2:      layout_rooms, led_sif_pool, uniq_terence, uniq_sigmund
D:3:      layout_basic, grunt_qazlal_sundering
D:4:      layout_loops_ring, minmay_temple_entry_mini_moons,
          minmay_misc_feat_nine_boxes
Temple:   roderic_octagonal_lattice_temple

Skill      XL: |  1  2  3  4  5  6 |
---------------+-------------------+-----
Transmutations | 3 4 |  4.3
Spellcasting   | 3 4 |  4.0
Fighting       | 2 |  2.8
Dodging        | 3 |  3.3
Unarmed Combat | |  3.0

Action                   |  1- 3 |  4- 6 || total
-------------------------+-------+-------++-------
Melee: Unarmed           |    60 |   119 ||   179
       Constrict         |    11 |    35 ||    46
       Kick              |     8 |    19 ||    27
       Tentacles         |     3 |    17 ||    20
       Punch             |     1 |     3 ||     4
 Cast: Beastly Appendage |    11 |    29 ||    40
       Spider Form       |     1 |     2 ||     3
 Stab: Sleeping          |       |     4 ||     4
Armor: Skin              |    14 |    14 ||    28
Dodge: Dodged            |    72 |    86 ||   158
